 Dungeon Crawl Stone Soup version 0.32-a0-136-gc02482bde3 (webtiles) character file.

Game seed: 15545149242945820070

4 shade12474890 the Trooper (level 1, 0/18 HPs)
             Began as an Armataur Berserker on Feb 11, 2024.
             Was a Follower of Trog.
             Slain by a dart slug (1 damage)
             ... on level 1 of the Dungeon.
             The game lasted 00:00:32 (45 turns).

shade12474890 the Trooper (Armataur Berserker)        Turns: 45, Time: 00:00:33

Health: 0/18       AC:  4    Str: 22    XL:     1   Next: 50%
Magic:  1/1        EV:  9    Int:  7    God:    Trog [*.....]
Gold:   0          SH:  0    Dex:  9    Spells: 0/0 levels left

rFire   . . .        a - +0 hand axe
rCold   . . .        (no shield)
rNeg    . . .        b - +0 animal skin
rPois   .            (no helmet)
rElec   .            (no cloak)
rCorr   .            (no gloves)
SInv    .            (no barding)
Will    .....        (no amulet)
Stlth   +            (no ring)
HPRegen 0.23/turn    (no ring)
MPRegen 0.07/turn

%: roll
@: no status effects
A: large, deformed body, tough skin 3, armoured tail, roll 1
a: Renounce Religion, Berserk


You were on level 1 of the Dungeon.
You worshipped Trog.
Trog was aware of your devotion.
You visited 1 branch of the dungeon, and saw 1 of its levels.

Inventory:

Hand Weapons
 a - a +0 hand axe (weapon)
Armour
 b - a +0 animal skin (worn)
Potions
 c - 2 potions of curing {unknown}


   Skills:
 + Level 2.8 Fighting
 + Level 2.5 Axes
 + Level 2.5 Armour
 + Level 1.4 Dodging


You couldn't memorise any spells.
You didn't know any spells.
Your spell library was empty.

Dungeon Overview and Level Annotations

Branches:
Dungeon (1/15)

Altars:


Innate Abilities, Weirdness & Mutations

Armour fits poorly on your strangely shaped body.
You have extremely tough skin. (AC +3)
You have a long armoured tail.
You regenerate magic when rolling toward enemies. (Rampage MPRegen)


Message History

You kill the kobold!
Trog accepts your kill.
You hit the bat. You barely miss the bat.
The bat hits you but does no damage. x3
The rat bites you. The hobgoblin closely misses you.
The goblin hits you with a +0 club. The bat hits you but does no damage.
The rat barely misses you. The goblin completely misses you.
Things that are here:
a +0 short sword; a kobold corpse You hit the bat.
The bat is severely wounded.
You closely miss the rat. You completely miss the bat. You hit the hobgoblin.
You hit the goblin.
You kill the goblin!
Trog accepts your kill. The bat barely misses you.
The bat hits you but does no damage. The bat barely misses you.
The rat closely misses you. The hobgoblin closely misses you.
The bat barely misses you.
You hit the bat.
You kill the bat!
Trog accepts your kill.
You closely miss the rat. You barely miss the hobgoblin. You hit the endoplasm.
You closely miss the bat. The bat barely misses you.
The endoplasm hits you but does no damage.
The rat barely misses you. The hobgoblin hits you. The endoplasm freezes you.
You are frozen.
* * * LOW HITPOINT WARNING * * *
The bat hits you but does no damage. The rat bites you but does no damage.
The hobgoblin barely misses you.
The endoplasm hits you but does no damage.
You see here a bat corpse.
The bat barely misses you. The rat barely misses you.
The hobgoblin barely misses you.
The hobgoblin attacks as it pursues you!
The hobgoblin hits you.
* * * LOW HITPOINT WARNING * * *
The bat barely misses you. The rat attacks as it pursues you!
The rat closely misses you. The dart slug bites you.
You die...

.## #..........# #.
........#..........# #.
#.......#.......... #.
#...............#######.
#..................#....
#...........†........##.
#..................####.
#.......w..)..####..# #.
#......@rJ†).........##.
....?##..b..##.......###
........g............# .
....................
.....$................
..................
###..............
#..............


You could see a dart slug, an endoplasm, a hobgoblin, a bat and a rat.

Vanquished Creatures
  A goblin (D:1)
  A kobold (D:1)
  A ball python (D:1)
  A bat (D:1)
4 creatures vanquished.

Notes
Turn   | Place    | Note
-------+----------+-------------------------------------------
     0 | D:1      | shade12474890 the Armataur Berserker began the quest for
                  | the Orb.
     0 | D:1      | Reached XP level 1. HP: 18/18 MP: 1/1
    45 | D:1      | Slain by a dart slug

Illustrated notes

Levels and vault maps discovered:
D:1:      lemuel_arrival_room, layout_basic, nrook_mini_vaults

Action                     || total
---------------------------++-------
  Melee: Hand axe          ||     5
 Armour: Animal skin       ||    29
  Dodge: Dodged            ||    24

Table legend: (Time is in decaauts)
 A = Elapsed time spent in this place.
 B = Non-inter-level travel time spent in this place.
 C = Inter-level travel time spent in this place.
 D = Time resting spent in this place.
 E = Time spent auto-exploring this place.
 F = Levels seen in this place.
 G = Mean time per level.
                   A        B        C        D        E       F      G
               +--------+--------+--------+--------+--------+-----+--------+
         Total |     45 |     45 |      0 |      0 |      0 |   1 |   45.0 |
       Dungeon |     45 |     45 |      0 |      0 |      0 |   1 |   45.0 |
               +--------+--------+--------+--------+--------+-----+--------+

Top non-repeatable levels by time:
     D:1: 45 daAuts
